 Dungeon Crawl Stone Soup version 0.30-a0-782-ge64f9170bb (webtiles) character file.

Game seed: 13817871991356429311

2200 mopl the Cudgeller (level 9, -2/138 HPs)
             Began as an Ogre Gladiator on Mar 16, 2023.
             Was a Believer of Okawaru.
             Splashed by a jelly's acid (9 damage)
             ... on level 5 of the Dungeon.
             The game lasted 00:13:41 (7264 turns).

mopl the Cudgeller (Ogre Gladiator)                 Turns: 7264, Time: 00:13:42

Health: -2/138     AC:  0    Str: 20    XL:     9   Next: 34%
Magic:  11/11      EV:  1    Int:  9    God:    Okawaru [**....]
Gold:   211        SH:  0    Dex: 14    Spells: 8/8 levels left

rFire   . . .      SeeInvis .    y - +0 giant spiked club
rCold   . . .      Faith    .    (shield currently unavailable)
rNeg    . . .      Spirit   .    (body armour currently unavailable)
rPois   +          Reflect  .    (helmet currently unavailable)
rElec   .          Harm     .    (cloak currently unavailable)
rCorr   .          Rampage  .    (gloves unavailable)
Will    .....      NoTele   +    (boots unavailable)
Stlth   +                        D - amulet of the acrobat
HPRegen 0.43/turn                (no ring)
MPRegen 0.12/turn                (no ring)

@: tree-form, corroded
A: stationary, stasis, torment immunity, boosted hp, large, unfitting armour,
(tough skin 1)
a: Renounce Religion, Heroism


You were on level 5 of the Dungeon.
You worshipped Okawaru.
Okawaru was pleased with you.
You were a tree.
You visited 2 branches of the dungeon, and saw 7 of its levels.
You also visited: Sewer.

You collected 304 gold pieces.
You spent 93 gold pieces at shops.

Inventory:

Hand Weapons
 a - a +0 heavy flail
 b - a +4 whip
 s - a +0 dagger of venom
 y - a +0 giant spiked club (weapon)
Missiles
 e - a large rock
 j - 15 stones (quivered)
 x - 6 poisoned darts
Armour
 c - a +1 hat (melded)
 o - an orb of mayhem
 q - a +0 robe (melded)
Jewellery
 r - an amulet of guardian spirit
 D - an amulet of the acrobat (around neck)
Scrolls
 f - 5 scrolls of enchant armour
 g - 2 scrolls of poison {unknown}
 i - 3 scrolls of identify
 k - 2 scrolls of fog {unknown}
 n - 4 scrolls of teleportation {unknown}
 t - 2 scrolls of brand weapon {unknown}
 u - a scroll of butterflies {unknown}
 v - a scroll of acquirement {unknown}
 w - 2 scrolls of torment {unknown}
 A - a scroll of noise {unknown}
 C - a scroll of vulnerability {unknown}
 E - a scroll of amnesia {unknown}
 F - a scroll of blinking {unknown}
 G - a scroll of enchant weapon {unknown}
Potions
 d - a potion of ambrosia
 h - 2 potions of curing
 l - 3 potions of flight
 m - a potion of might
 p - a potion of heal wounds
 B - a potion of haste
 H - a potion of attraction


   Skills:
 + Level 6.6 Fighting
 * Level 6.7 Maces & Flails
 + Level 5.1 Throwing
 + Level 3.5 Armour
 + Level 5.0 Dodging
 + Level 3.6 Invocations


You had 8 spell levels left.
You didn't know any spells.
Your spell library contained the following spells:

 Spells                   Type           Power      Damage    Failure   Level
 Beastly Appendage        Tmut           0%         N/A       38%         1
 Kiss of Death            Conj/Necr      0%         2d5       38%         1
 Scorch                   Fire           0%         2d5       52%         2
 Sublimation of Blood     Necr           0%         N/A       52%         2
 Wereblood                Tmut           0%         N/A       52%         2
 Confusing Touch          Hex            0%         N/A       77%         3
 Spider Form              Tmut/Pois      0%         N/A       77%         3
 Dispel Undead            Necr           0%         3d6       99%         4
 Flame Wave               Conj/Fire      0%         2d4       99%         4
 Summon Cactus Giant      Summ           Unusable   N/A       N/A         6
 Summon Hydra             Summ           Unusable   N/A       N/A         7

Dungeon Overview and Level Annotations

Branches:
Dungeon (6/15)             Temple (1/1) D:5           Sewer (visited)

Altars:
Ashenzari
Cheibriados
Dithmenos
Elyvilon
Fedhas
Gozag
Hepliaklqana
Kikubaaqudgha
Makhleb
Nemelex Xobeh
Okawaru
Qazlal
Ru
Sif Muna
Trog
Uskayaw
Vehumet
Wu Jian
Xom
Yredelemnul
Zin
The Shining One

Shops:
D:1 *   D:2 :


Innate Abilities, Weirdness & Mutations

You are a tree.
Your roots penetrate the ground, keeping you stationary.
You cannot be teleported.
You are immune to unholy pain and torment.
Your maximum health is greatly increased.
Your equipment is partially melded.
You are too large for most types of armour.
((You have tough skin. (AC +1)))


Message History

There is an escape hatch in the ceiling here.
The jelly hits you. The acid corrodes you!
You are splashed with acid!
A mysterious force pulls you upwards. The hatch slams shut behind you.
You hit the jelly.
Your hands burn!
The jelly is heavily wounded.
The jelly closely misses you.
You hit the jelly.
Your hands burn!
The jelly is heavily wounded.
The jelly hits you. The acid corrodes you!
You are splashed with acid!
You hit the jelly.
Your hands burn!
The jelly is severely wounded.
You hit the jelly but do no damage.
Your hands burn!
The jelly is severely wounded.
The jelly hits you. The acid corrodes you!
You are splashed with acid.
You hit the jelly but do no damage.
Your hands burn!
The jelly is heavily wounded.
The jelly hits you.
You are splashed with acid!
You hit the jelly but do no damage.
Your hands burn!
The jelly is heavily wounded.
The jelly hits you. The acid corrodes you!
You are splashed with acid!
You are too injured to fight recklessly!
y - a +0 giant spiked club (weapon)
You hit the jelly but do no damage.
Your hands burn!
The jelly is heavily wounded.
The jelly hits you.
* * * LOW HITPOINT WARNING * * *
The acid corrodes you!
You are splashed with acid!
* * * LOW HITPOINT WARNING * * *
The jelly hits you.
* * * LOW HITPOINT WARNING * * *
The acid corrodes you!
You are splashed with acid!
* * * LOW HITPOINT WARNING * * *
Really quaff
z - a potion of lignification {!q}?
Really quaff the potion of lignification?
You turn into a tree.
Your +1 hat melds into your body.
Your +0 robe melds into your body.
Your roots penetrate the ground.
The jelly hits you.
* * * LOW HITPOINT WARNING * * *
You are splashed with acid!
You die...

##...###..#..##..
#....#....#...#..
####........#......
#...........#......
##...........#.....#
###...................
#.....................
#.....J....#..#.......
#....♣.....#..........
##..........#.........
###..#.....#.........
####.......##.#....
###.##...####..#
#####.#####...
#.....##...
##..#...... ######....


You could see a jelly.

Vanquished Creatures
  Eustachio (D:4)
  Menkaure (D:4)
  Duvessa (D:4)
  An ice beast (D:5)
  4 ogres
  2 phantoms
  2 bullfrogs (Sewer)
  A gnoll sergeant (D:5)
  A scorpion (D:4)
  A necrophage (D:5)
  Dowan (D:4)
  7 jellies
  5 orc priests
  3 hounds (D:6)
  An iguana (D:5)
  Natasha (thrice) (D:3)
  8 gnolls
  9 adders
  4 ufetubi
  3 dart slugs
  12 orcs
  13 ball pythons
  2 bats
  25 endoplasms
  8 giant cockroaches
  6 hobgoblins
  10 jackals
  8 kobolds
  19 quokkas
  7 frilled lizards
  7 goblins
  12 rats
188 creatures vanquished.

Vanquished Creatures (others)
  5 fungi (D:6)
5 creatures vanquished.

Grand Total: 193 creatures vanquished

Notes
Turn   | Place    | Note
-------+----------+-------------------------------------------
     0 | D:1      | mopl the Ogre Gladiator began the quest for the Orb.
     0 | D:1      | Reached XP level 1. HP: 22/22 MP: 1/1
   230 | D:1      | Reached XP level 2. HP: 29/29 MP: 2/2
   325 | D:1      | Reached skill level 3 in Fighting
   368 | D:1      | Reached skill level 3 in Maces & Flails
   637 | D:1      | Found Seisaamemu's Assorted Antiques.
   642 | D:1      | Bought a fuming silvery potion for 21 gold pieces
   770 | D:1      | Reached XP level 3. HP: 31/37 MP: 3/3
   990 | D:1      | Found a glowing golden altar of the Shining One.
  1054 | D:2      | Found Wiegrun's Book Boutique.
  1499 | D:2      | Reached skill level 3 in Dodging
  1522 | D:1      | Bought a scroll labelled YNUMPA DATYEKK for 24 gold pieces
  1522 | D:1      | Bought a scroll labelled WOBYQA COMUF for 24 gold pieces
  1522 | D:1      | Bought a scroll labelled WOPTATI GOOPS for 24 gold pieces
  1626 | D:2      | Reached XP level 4. HP: 42/45 MP: 4/4
  1849 | D:2      | Reached skill level 1 in Armour
  2341 | D:3      | Noticed Natasha
  2348 | D:3      | Killed Natasha
  2349 | D:3      | Reached XP level 5. HP: 26/53 MP: 3/5
  2351 | D:3      | Noticed Natasha
  2368 | D:3      | Killed Natasha
  2522 | D:3      | Noticed Natasha
  2529 | D:3      | Killed Natasha
  2530 | D:3      | Reached skill level 3 in Throwing
  2667 | D:3      | Reached skill level 4 in Fighting
  2667 | D:3      | Reached skill level 4 in Maces & Flails
  2670 | D:3      | Reached XP level 6. HP: 62/62 MP: 6/6
  2789 | D:3      | Found a faded altar of an unknown god.
  3369 | D:4      | Noticed Eustachio
  3376 | D:4      | Reached XP level 7. HP: 49/71 MP: 4/7
  3403 | D:5      | Entered Level 5 of the Dungeon
  3413 | D:5      | Reached skill level 2 in Armour
  3439 | D:5      | Found a staircase to the Ecumenical Temple.
  3452 | Temple   | Entered the Ecumenical Temple
  3499 | Temple   | Became a worshipper of Warmaster Okawaru
  3596 | D:5      | Found a glowing drain.
  3604 | Sewer    | Entered a sewer
  3658 | Sewer    | Reached skill level 5 in Maces & Flails
  3957 | Sewer    | Reached skill level 5 in Fighting
  3957 | Sewer    | Reached skill level 4 in Dodging
  3957 | Sewer    | Reached skill level 1 in Invocations
  3962 | Sewer    | Reached * piety under Okawaru
  3963 | Sewer    | Reached skill level 4 in Throwing
  4028 | D:5      | Reached XP level 8. HP: 59/80 MP: 6/9
  4239 | D:4      | Noticed Dowan
  4269 | D:4      | Killed Dowan
  4370 | D:4      | Noticed Duvessa
  4449 | D:4      | Killed Duvessa
  4450 | D:4      | Reached skill level 2 in Invocations
  4510 | D:4      | Noticed Menkaure
  4519 | D:4      | Killed Menkaure
  4984 | D:4      | Killed Eustachio
  4985 | D:4      | Reached skill level 6 in Maces & Flails
  4985 | D:4      | Reached skill level 3 in Armour
  5010 | D:4      | Found a stormy altar of Qazlal.
  5034 | D:4      | Reached skill level 6 in Fighting
  5282 | D:4      | Reached ** piety under Okawaru
  5578 | D:5      | Reached skill level 3 in Invocations
  5578 | D:5      | Reached XP level 9. HP: 37/89 MP: 5/11
  6250 | D:6      | Reached skill level 5 in Throwing
  6338 | D:6      | Found a shimmering altar of Xom.
  6504 | D:5      | Reached skill level 5 in Dodging
  7064 | D:6      | Found an ancient bone altar of Kikubaaqudgha.
  7069 | D:6      | Found a basalt altar of Yredelemnul.
  7072 | D:6      | Found a glowing golden altar of the Shining One.
  7072 | D:6      | Found a sacrificial altar of Ru.
  7072 | D:6      | Found a blossoming altar of Fedhas.
  7073 | D:6      | Found a burning altar of Makhleb.
  7077 | D:6      | Found a shimmering blue altar of Sif Muna.
  7264 | D:5      | Splashed by a jelly's acid

Illustrated notes

Levels and vault maps discovered:
D:1:      dpeg_arrival_water_altar, layout_basic, serial_shops,
          nicolae_shop_overgrown_old_shop, dk_noncrumbling_4,
          kennysheep_small_spiral, grunt_decor_resistance
D:2:      layout_loops_corners, serial_shops, nicolae_diamond_shop
D:3:      layout_rooms, basic_ecumenical_altar, minivault_19,
          skrybe_limestone_x, minmay_crystal_room, uniq_natasha
D:4:      layout_cave_pods, mainiacjoe_overflow_brackets, uniq_duvessa,
          uniq_menkaure, uniq_eustachio
D:5:      layout_cave_pools, minmay_temple_entry_crystal_x,
          gup_sewer_entry_bubbles
D:6:      lemuel_slime, layout_loops_ring, mainiacjoe_overflow_small_starburst,
          minitemple, kennysheep_generic_room_8
Temple:   hellmonk_temple_forest_ring

Skill      XL: |  1  2  3  4  5  6  7  8  9 |
---------------+----------------------------+-----
Fighting       | 3 4 5 6 |  6.6
Maces & Flails | 3 4 5 6 |  6.7
Dodging        | 3 4 5 |  5.0
Armour         | 1 2 3 |  3.5
Throwing       | 3 4 5 |  5.1
Invocations    | 1 3 |  3.6

Action                     |  1- 3 |  4- 6 |  7- 9 || total
---------------------------+-------+-------+-------++-------
  Melee: Flail             |   131 |    39 |       ||   170
         Punch             |     1 |       |    10 ||    11
         Whip              |       |   106 |   453 ||   559
         Giant spiked club |       |       |     1 ||     1
         Unarmed           |       |       |     1 ||     1
  Throw: Dart              |       |     4 |    12 ||    16
         Stone             |       |       |    27 ||    27
         Throwing net      |       |       |     4 ||     4
 Invoke: Heroism           |       |       |     2 ||     2
    Use: Scroll            |     4 |     2 |     4 ||    10
         Potion            |       |       |     3 ||     3
   Stab: Sleeping          |     2 |     2 |     1 ||     5
         Distracted        |       |       |     1 ||     1
         Held in net/web   |       |       |     2 ||     2
 Armour: Robe              |    41 |    36 |   103 ||   180
  Dodge: Dodged            |   100 |    77 |   256 ||   433

Table legend: (Time is in decaauts)
 A = Elapsed time spent in this place.
 B = Non-inter-level travel time spent in this place.
 C = Inter-level travel time spent in this place.
 D = Time resting spent in this place.
 E = Time spent auto-exploring this place.
 F = Levels seen in this place.
 G = Mean time per level.
                   A        B        C        D        E       F      G
               +--------+--------+--------+--------+--------+-----+--------+
         Total |   7232 |   6941 |    291 |   1679 |   3392 |   8 |  904.0 |
       Dungeon |   6792 |   6514 |    278 |   1566 |   3298 |   6 | 1132.0 |
        Temple |     61 |     48 |     13 |      0 |     15 |   1 |   61.0 |
         Sewer |    377 |    377 |      0 |    113 |     79 |   1 |  377.0 |
               +--------+--------+--------+--------+--------+-----+--------+

Top non-repeatable levels by time:
     D:4: 1482 daAuts
     D:1: 1248 daAuts
     D:3: 1184 daAuts
     D:5: 1148 daAuts
     D:2: 1040 daAuts
     D:6: 688 daAuts
   Sewer: 377 daAuts
  Temple: 61 daAuts
